 Dungeon Crawl Stone Soup version 0.26-a0-812-g31a745ddcd (webtiles) character file.

Game seed: 5017503599887205868

152 kae the Chopper (level 5, 0/47 HPs)
             Began as a Hill Orc Fighter on Dec 9, 2020.
             Slain by Purgy (2 damage)
             ... in a sewer.
             The game lasted 00:01:24 (2286 turns).

kae the Chopper (Hill Orc Fighter)                  Turns: 2286, Time: 00:01:24

Health: 0/47       AC:  7    Str: 20    XL:     5   Next: 34%
Magic:  5/5        EV:  8    Int:  8    God:
Gold:   125        SH:  9    Dex: 10    Spells: 4/4 levels left

rFire    . . .     SeeInvis .   a - +0 war axe
rCold    . . .     Faith    .   c - +0 kite shield
rNeg     . . .     Spirit   .   b - +0 scale mail
rPois    .         Reflect  .   (no helmet)
rElec    .         Harm     .   (no cloak)
rCorr    .         Rampage  .   (no gloves)
MR       .....                  (no boots)
Stlth    ..........             (no amulet)
HPRegen  0.15/turn              (no ring)
MPRegen  0.09/turn              (no ring)

@: no status effects
A: no striking features
a: no special abilities


You were in a sewer.
You visited 1 branch of the dungeon, and saw 3 of its levels.
You also visited: Sewer.

You collected 125 gold pieces.

Inventory:

Hand Weapons
 a - a +0 war axe (weapon)
Armour
 b - a +0 scale mail (worn)
 c - a +0 kite shield (worn)
Scrolls
 e - 4 scrolls of identify {unknown}
 f - 3 scrolls of remove curse {unknown}
 j - 2 scrolls of teleportation {unknown}
 l - a scroll of enchant armour {unknown}
 m - a scroll of enchant weapon {unknown}
 n - a scroll of noise {unknown}
Potions
 h - a potion of attraction {unknown}
 i - a potion of degeneration {unknown}
 k - 2 potions of brilliance {unknown}
 o - a potion of flight {unknown}
 p - a potion of curing {unknown}


   Skills:
 + Level 4.5 Fighting
 * Level 4.9 Axes
 + Level 4.1 Armour
 + Level 1.5 Dodging
 - Level 3.2 Shields


You had 4 spell levels left.
You didn't know any spells.
Your spell library was empty.

Dungeon Overview and Level Annotations

Branches:
Dungeon (3/15)              Sewer (1/1)

Altars:

Annotations:
Sewer Purgy


Message History

Purgy is lightly wounded.
You block Purgy's attack. x2; Purgy barely misses you.
Purgy bites you.
* * * LOW HITPOINT WARNING * * *
Purgy claws you but does no damage. x2
You hit Purgy.
Purgy is lightly wounded.
Purgy bites you.
* * * LOW HITPOINT WARNING * * *
Purgy claws you.
* * * LOW HITPOINT WARNING * * *
You block Purgy's attack.
You hit Purgy.
Purgy is moderately wounded.
Purgy barely misses you. Purgy claws you.
* * * LOW HITPOINT WARNING * * *
Purgy claws you but does no damage.
You barely miss Purgy.
Purgy is moderately wounded.
Purgy barely misses you. Purgy claws you.
You die...

####### #.#
##.....## #.#
#...≈...## #.#
...≈≈≈...#######.#
∩.≈≈≈≈≈..........#
..†≈≈≈...#######.#
#...≈...## #.#
##.....## #.#
####### #@#
#..T..# #.......#
#.......#
#.......#
#.......#
#..$$$..#
##$$!($##


You could see Purgy.

Vanquished Creatures
  3 gnolls (D:3)
  3 adders (D:2)
  A river rat (D:3)
  3 dart slugs (D:1)
  6 leopard geckos
  2 ball pythons (D:3)
  2 giant cockroaches
  11 goblins
  7 hobgoblins
  7 jackals (D:2)
  10 bats
  5 frilled lizards
  10 kobolds
  8 rats
78 creatures vanquished.

Vanquished Creatures (others)
  11 plants (D:1)
11 creatures vanquished.

Grand Total: 89 creatures vanquished

Notes
Turn   | Place    | Note
-------+----------+-------------------------------------------
     0 | D:1      | kae the Hill Orc Fighter began the quest for the Orb.
     0 | D:1      | Reached XP level 1. HP: 19/19 MP: 1/1
    18 | D:1      | Reached XP level 2. HP: 24/27 MP: 2/2
   440 | D:1      | Reached XP level 3. HP: 32/33 MP: 3/3
   946 | D:2      | Reached skill level 1 in Dodging
   993 | D:2      | Reached XP level 4. HP: 21/40 MP: 4/4
  1574 | D:2      | Found a faded altar of an unknown god.
  2077 | D:3      | Reached XP level 5. HP: 37/47 MP: 5/5
  2135 | D:3      | Found a glowing drain.
  2161 | Sewer    | Entered a sewer
  2241 | Sewer    | Noticed Purgy
  2285 | Sewer    | HP: 2/47 [Purgy (3)]
  2286 | Sewer    | Slain by Purgy

Illustrated notes

Levels and vault maps discovered:
D:1:      tarquinn_simple_flora_water_c, layout_basic
D:2:      layout_basic, chequers_ecumenical_altar_simple
D:3:      layout_loops_ring, lemuel_doored_altar, portal_sewer_entry_a,
          uniq_crazy_yiuf_cottage
Sewer:    sewer_big_baddie

Skill      XL: |  1  2  3  4 |
---------------+-------------+-----
Axes           | 3 4 |  4.9
Fighting       | 4 |  4.5
Dodging        | 1 |  1.5
Armour         | 4 |  4.1
Shields        | |  3.2

Action                   |  1- 3 |  4- 6 || total
-------------------------+-------+-------++-------
Melee: War axe           |   113 |   171 ||   284
  Use: Potion            |       |     2 ||     2
Armor: Scale mail        |    50 |   116 ||   166
       Skin              |       |    52 ||    52
Dodge: Dodged            |    38 |    70 ||   108
Block: Kite shield       |    56 |   116 ||   172

Table legend: (Time is in decaauts)
 A = Elapsed time spent in this place.
 B = Non-inter-level travel time spent in this place.
 C = Inter-level travel time spent in this place.
 D = Time resting spent in this place.
 E = Time spent auto-exploring this place.
 F = Levels seen in this place.
 G = Mean time per level.
                   A        B        C        D        E       F      G
               +--------+--------+--------+--------+--------+-----+--------+
         Total |   2395 |   2376 |     19 |    454 |   1303 |   4 |  598.8 |
       Dungeon |   2255 |   2236 |     19 |    454 |   1233 |   3 |  751.7 |
         Sewer |    139 |    139 |      0 |      0 |     70 |   1 |  139.0 |
               +--------+--------+--------+--------+--------+-----+--------+

Top non-repeatable levels by time:
     D:2: 1204 daAuts
     D:1: 909 daAuts
     D:3: 142 daAuts
   Sewer: 139 daAuts
